 Dungeon Crawl Stone Soup version 0.25-a0-803-g58bd18402a (webtiles) character file.

Game seed: 5964930318172310673, levelgen mode: deterministic

55171 Maedhros the Blocker (level 14, -12/90 HPs)
             Began as an Octopode Artificer on Apr 19, 2020.
             Was the Champion of Cheibriados.
             Splashed by a deep elf sorcerer's acid (17 damage)
             ... on level 1 of the Elven Halls.
             The game lasted 01:32:36 (9684 turns).

Maedhros the Blocker (Octopode Artificer)           Turns: 9684, Time: 01:32:36

Health: -12/90     AC:  6    Str: 32    XL:     14   Next: 76%
Magic:  17/23      EV: 21    Int: 35    God:    Cheibriados [******]
Gold:   620        SH: 16    Dex: 32    Spells: 3/25 levels left

rFire    + + .     SeeInvis .     - Unarmed
rCold    + + .     Gourm    .   r - +0 kite shield of Indomitability {rF+ rC+ rN+ Int+3}
rNeg     + . .     Faith    .   W - +2 hat {MR+}
rPois    +         Spirit   .   J - amulet of regeneration
rElec    +         Reflect  .   d - ring "Goocwaem" {rElec rPois MR+ EV+3 Int+3}
rCorr    .         Harm     .   S - +2 ring of protection
MR       +++++                  X - ring of wizardry
Stlth    ++++++....             a - ring of ice
HPRegen  1.05/turn              P - +5 ring of protection
MPRegen  0.18/turn              M - +2 ring of dexterity
                                x - ring of protection from fire
                                z - ring "Caseo" {MR++ Str+4}

@: corroded, very slightly contaminated, very slow
A: almost no armour, stealthy swim, amphibious, 8 rings, constrict 8, camouflage
1, blink, fire resistance 1, poison resistance, regeneration 1, gelatinous body
1
a: Blink, Bend Time, Temporal Distortion, Slouch, Step From Time, Renounce
Religion


You were on level 1 of the Elven Halls.
You worshipped Cheibriados.
Cheibriados was exalted by your worship.
You were hungry.

You visited 4 branches of the dungeon, and saw 22 of its levels.
You also visited: Sewer.

You collected 2207 gold pieces.
You spent 1587 gold pieces at shops.

Inventory:

Missiles
 j - 12 boomerangs of dispersal
 l - 4 boomerangs (quivered)
 F - 13 poisoned darts
 O - 8 curare-tipped darts
Armour
 r - the +0 kite shield of Indomitability (worn) {rF+ rC+ rN+ Int+3}
   (You found it on level 7 of the Dungeon)

   It affects your intelligence (+3).
   It protects you from fire.
   It protects you from cold.
   It protects you from negative energy.
 W - a +2 hat of magic resistance (worn)
Jewellery
 a - a ring of ice (on tentacle)
 d - the ring "Goocwaem" (left tentacle) {rElec rPois MR+ EV+3 Int+3}
   (You found it on level 5 of the Dungeon)

   [ring of evasion]

   It affects your evasion (+3).
   It affects your intelligence (+3).
   It insulates you from electricity.
   It protects you from poison.
   It affects your resistance to hostile enchantments.
 x - a ring of protection from fire (on tentacle)
 y - an uncursed ring of positive energy
 z - the ring "Caseo" (on tentacle) {MR++ Str+4}
   (You acquired it on level 2 of the Orcish Mines)

   [ring of strength]

   It affects your strength (+4).
   It affects your resistance to hostile enchantments.
 A - an uncursed amulet of magic regeneration
 G - an uncursed amulet of guardian spirit
 J - an amulet of regeneration (around mantle)
 M - a +2 ring of dexterity (on tentacle)
 P - a +5 ring of protection (on tentacle)
 Q - an uncursed ring of resist corrosion
 S - a +2 ring of protection (right tentacle)
 T - an uncursed ring of positive energy
 X - a ring of wizardry (on tentacle)
Wands
 c - a wand of acid (11)
 o - a wand of digging (6)
 t - a wand of flame (12)
 w - a wand of iceblast (15)
 B - a wand of disintegration (7)
 R - a wand of scattershot (10)
 U - a wand of polymorph (12)
Scrolls
 e - 3 scrolls of teleportation
 g - 2 scrolls of amnesia
 i - 4 scrolls of enchant weapon
 m - 3 scrolls of enchant armour
 n - 4 scrolls of magic mapping
 p - 2 scrolls of fog
 q - 5 scrolls of immolation
 s - 2 scrolls of brand weapon
 K - a scroll of blinking {unknown}
 N - a scroll of vulnerability
Potions
 b - a potion of experience {unknown}
 h - 6 potions of curing
 k - 5 potions of heal wounds
 C - a potion of cancellation
 E - 3 potions of flight
 I - 2 potions of lignification
 L - 5 potions of might
Miscellaneous
 u - a phantom mirror
 D - a box of beasts
 H - a lightning rod (4/4)
Comestibles
 f - 30 rations
 v - 6 chunks of flesh


   Skills:
 + Level 6.9 Fighting
   Level 1.0 Short Blades
 + Level 5.3 Dodging
 - Level 8.2 Stealth
 * Level 12.2 Shields
 - Level 10.6 Unarmed Combat
 - Level 6.0 Spellcasting
 - Level 7.1 Summonings
 * Level 2.0 Necromancy
 - Level 5.9 Transmutations
 - Level 5.0 Ice Magic
 - Level 4.5 Air Magic
 - Level 5.8 Earth Magic
 - Level 7.0 Invocations
 - Level 7.1 Evocations


You had 3 spell levels left.
You knew the following spells:

 Your Spells              Type           Power        Failure   Level  Hunger
a - Petrify               Tmut/Erth      ######..     1%          4    ##.....
b - Summon Ice Beast      Ice/Summ       ######..     1%          4    ##.....
c - Summon Lightning Spi  Summ/Air       ######..     1%          4    ##.....
d - Ozocubu's Armour      Chrm/Ice       #####...     2%          3    None
e - Passwall              Tmut/Erth      ######..     1%          2    None
f - Animate Skeleton      Necr           N/A          1%          1    None
g - Animate Dead          Necr           N/A          9%          4    ##.....

Your spell library contained the following spells:

 Spells                   Type           Power        Failure   Level  Hunger
 Freeze                   Ice            ####         1%          1    None
 Pain                     Necr           ###.         1%          1    None
 Sandblast                Erth           ######       1%          1    None
 Summon Small Mammal      Summ           ####         1%          1    None
 Call Imp                 Summ           ######..     1%          2    None
 Call Canine Familiar     Summ           ######..     1%          3    None
 Frozen Ramparts          Ice            ######       1%          3    None
 Stone Arrow              Conj/Erth      ####..       1%          3    None
 Summon Guardian Golem    Hex/Summ       #####...     1%          3    None
 Vampiric Draining        Necr           ###.......   2%          3    None
 Confusing Touch          Hex            ##......     6%          3    None
 Gell's Gravitas          Tloc           ##........   6%          3    None
 Lesser Beckoning         Tloc           ##........   6%          3    None
 Portal Projectile        Hex/Tloc       ##....       6%          3    None
 Lee's Rapid Deconstruct  Erth           ######....   5%          5    ####...
 Hailstorm                Conj/Ice       #####...     8%          4    ##.....
 Yara's Violent Unravell  Hex/Tmut       ####......   17%         5    ####...
 Metabolic Englaciation   Hex/Ice        #####.....   21%         5    ####...
 Agony                    Necr           ###.....     26%         5    ####...
 Iron Shot                Conj/Erth      ####......   65%         6    ######.
 Haunt                    Necr/Summ      #####.....   92%         7    #######
 Orb of Destruction       Conj           ##........   100%        7    #######
 Borgnjor's Revivificati  Necr           ###.......   100%        8    #######
 Death's Door             Chrm/Necr      ###.......   100%        8    #######
 Infestation              Necr           ###.......   100%        8    #######
 Necromutation            Tmut/Necr      #####.....   100%        8    #######


Dungeon Overview and Level Annotations

Branches:
Dungeon (13/15)            Temple (0/1) D:7            Lair (6/6) D:10
 Shoals (0/4) Lair:2        Snake (0/4) Lair:2          Orc (2/2) D:9
    Elf (1/3) Orc:2         Sewer (visited)
  Slime: Lair:5-6    Vaults: D:13-14

Altars:
Cheibriados
Dithmenos
Gozag
Ru
Wu Jian
Xom
Yredelemnul
Zin

Shops:
D:7 }   D:8 [   D:10 *%   D:12 (   Orc:2 ??[%

Annotations:
D:5 exclusion: centaur
D:8 3 runed translucent doors, BeastOfSaturn's ghost, novice CeBe
D:12 Nergalle; Snorg
D:13 3 runed translucent doors, Pivothre's ghost, journeyman DgAE
Lair:4 exclusion: 4 oklob plants
Orc:2 2 runed translucent doors, exclusion: orange crystal statue, Nessos


Innate Abilities, Weirdness & Mutations

You cannot wear most types of armour.
You are very stealthy in the water. (Stealth+)
You are amphibious.
You can wear up to eight rings at the same time.
You can use your tentacles to constrict eight enemies at once.
Your skin changes colour to match your surroundings (Stealth+).
Your rubbery body absorbs attacks. (AC +1, EV +1)
You can translocate small distances at will.
Your flesh is heat resistant. (rF+)
Your system is resistant to poisons. (rPois)
Your natural rate of healing is unusually fast.


Message History

Unknown command.
A deep elf mage comes into view. It is wielding a +1 rapier of draining.
The deep elf knight wields a +0 shortbow.
The deep elf knight shoots an arrow.
The arrow hits your deep elf mage skeleton!!
Your deep elf mage skeleton is destroyed!
The deep elf sorcerer casts a spell at you.
The bolt of acid hits your deep elf mage zombie!!
Your deep elf mage zombie is splashed with acid.
The acid corrodes your deep elf mage zombie!
The bolt of acid hits you!!
You are splashed with acid!
The deep elf sorcerer points at you and mumbles some strange words.
The bolt of acid hits your deep elf mage zombie!!!
Your deep elf mage zombie is splashed with acid!
Your deep elf mage zombie seems to be corroded for longer.
Your deep elf mage zombie is destroyed!
The bolt of acid hits you!!
* * * LOW HITPOINT WARNING * * *
The acid corrodes you!
You are splashed with acid!
You die...

.# #.# #.# #.#
# #.###+#+# .#
#.#....####.##
#........Z....
#.###.#.Z#e...
##.#
#.@)8(e.ee
##..#
#Z.#..#e..
#.^.#
##ZZ.eY...
#.##.##
#..#..#.. +#
#..####.. ....
##..## #.. ?..
##..#####. ..
##...##### +
###...#


You could see a deep elf sorcerer, 2 deep elf knights, 3 deep elf magi, an ice
beast, a friendly lightning spire, 4 friendly deep elf mage zombies and a
friendly deep elf mage skeleton.

Vanquished Creatures
  Gastronok (Lair:1)
  2 two-headed ogres
  9 death yaks
  Sonja (Lair:3)
  3 skeletal warriors (D:12)
  An unseen horror (D:10)
  2 orc knights
  A deep elf archer (Elf:1)
  A manticore (Lair:2)
  An ugly thing (D:13)
  A cyclops (D:13)
  9 deep elf magi
  5 elephants
  A gargoyle (D:12)
  Psyche (D:10)
  17 spiny frogs
  A centaur skeleton (D:10)
  6 komodo dragons
  4 kobold demonologists (D:13)
  A rime drake (Lair:2)
  4 trolls
  4 tyrant leeches (Lair:6)
  2 polar bears (D:9)
  Grinder (D:6)
  12 blink frogs
  5 hippogriffs
  A wraith (D:10)
  2 basilisks
  40 yaks
  2 wyverns
  5 hungry ghosts
  7 vampire mosquitoes
  5 wargs
  A naga (Lair:2)
  2 acid dragons
  10 water moccasins
  2 soldier ants (D:13)
  Duvessa (D:7)
  Purgy (Sewer)
  5 porcupines
  27 orc warriors
  A hornet zombie (D:10)
  5 ice beasts
  A phantom (D:6)
  2 eyes of draining
  2 sky beasts
  5 ogres
  2 wolves
  15 centaurs
  7 crocodiles
  3 big kobolds
  16 bullfrogs
  Dowan (D:7)
  A wyvern skeleton (D:10)
  8 scorpions
  3 killer bees (D:13)
  3 vampire bats (Lair:3)
  4 wights (D:13)
  7 howler monkeys
  2 electric eels
  3 bullfrog zombies
  6 crimson imps
  6 jellies
  6 hounds
  12 orc priests
  15 orc wizards
  A bullfrog skeleton (D:5)
  Terence (D:3)
  An iguana (D:11)
  4 worker ants
  A nameless horror (Lair:5)
  A worker ant zombie (D:11)
  7 adders
  2 shadow imps
  An ufetubus (D:9)
  2 adder zombies
  An adder skeleton (D:8)
  3 worms
  2 dart slugs (D:2)
  2 leopard geckos
  41 orcs
  A ball python (D:2)
  8 giant cockroaches
  13 goblins
  8 hobgoblins
  2 jackals (Sewer)
  33 kobolds
  A quokka (D:11)
  18 bats
  4 frilled lizards
  10 rats
  2 plants
513 creatures vanquished.

Vanquished Creatures (collateral kills)
  A hydra (Lair:6)
  A death yak (Lair:5)
  A deep elf mage (Elf:1)
  A torpor snail (Lair:5)
  2 spiny frogs (Lair:6)
  A komodo dragon (Lair:6)
  2 blink frogs (Lair:6)
  9 yaks
  A vampire mosquito (Lair:6)
  2 wargs (Orc:1)
  2 orc warriors
  An ogre (Orc:1)
  3 centaurs (Orc:2)
  2 crocodiles (Lair:6)
  A bullfrog (Lair:6)
  An electric eel (Lair:6)
  A howler monkey (D:7)
  An orc priest (Orc:2)
  6 orcs
  An adder (D:6)
  A quokka (D:7)
  2 fungi
  5 plants
48 creatures vanquished.

Vanquished Creatures (others)
  A hound (D:7)
  A fire vortex (Lair:4)
  17 fungi
  37 plants
56 creatures vanquished.

Grand Total: 617 creatures vanquished

Notes
Turn   | Place    | Note
-------+----------+-------------------------------------------
     0 | D:1      | Maedhros the Octopode Artificer began the quest for the
                  | Orb.
     0 | D:1      | Reached XP level 1. HP: 13/13 MP: 3/3
   108 | D:1      | Reached skill level 1 in Unarmed Combat
   108 | D:1      | Reached XP level 2. HP: 12/18 MP: 4/4
   239 | D:3      | Found a shadowy altar of Dithmenos.
   279 | D:3      | Reached XP level 3. HP: 15/23 MP: 5/5
   293 | D:3      | Found a snail-covered altar of Cheibriados.
   311 | D:3      | Became a worshipper of Cheibriados the Contemplative
   483 | D:5      | Entered Level 5 of the Dungeon
   485 | D:5      | Noticed a scorpion
   508 | D:5      | Reached XP level 4. HP: 15/28 MP: 5/7
   532 | D:5      | Found a basalt altar of Yredelemnul.
   582 | D:5      | Noticed a centaur
   589 | D:5      | Got a sparkling turquoise ring
   591 | D:5      | Identified the ring "Goocwaem" {rElec rPois MR+ EV+3 Int+3}
                  | (You found it on level 5 of the Dungeon)
   618 | D:4      | Reached * piety under Cheibriados
   673 | D:4      | Reached XP level 5. HP: 17/33 MP: 8/8
   759 | D:4      | Noticed an ogre
   797 | D:4      | Killed an ogre
   797 | D:4      | Reached XP level 6. HP: 38/38 MP: 9/9
   824 | D:3      | Noticed a sky beast
   844 | D:3      | Found a sacrificial altar of Ru.
   943 | D:2      | Found a glowing silver altar of Zin.
  1411 | D:3      | Reached ** piety under Cheibriados
  1472 | D:3      | Noticed Terence
  1479 | D:3      | Killed Terence
  1506 | D:3      | Found an ornate altar of the Wu Jian Council.
  1711 | D:5      | Reached skill level 5 in Evocations
  1720 | D:5      | Reached XP level 7. HP: 43/43 MP: 10/10
  1726 | D:5      | Reached skill level 5 in Stealth
  1818 | D:5      | Reached skill level 5 in Unarmed Combat
  1980 | D:6      | Noticed Grinder
  1990 | D:6      | Found a glowing drain.
  2010 | Sewer    | Entered a sewer
  2056 | Sewer    | Noticed Purgy
  2067 | Sewer    | Killed Purgy
  2162 | D:6      | Reached *** piety under Cheibriados
  2162 | D:6      | Reached XP level 8. HP: 21/50 MP: 12/12
  2248 | D:6      | Killed Grinder
  2324 | D:7      | Noticed Duvessa
  2415 | D:7      | Noticed Dowan
  2416 | D:7      | Gained mutation: Your flesh is heat resistant. (rF+)
                  | [potion of mutation]
  2416 | D:7      | Gained mutation: Your natural rate of healing is unusually
                  | fast. [potion of mutation]
  2416 | D:7      | Gained mutation: You can translocate small distances at
                  | will. [potion of mutation]
  2416 | D:7      | Gained mutation: Your system is resistant to poisons.
                  | (rPois) [potion of mutation]
  2439 | D:7      | Noticed a two-headed ogre
  2441 | D:7      | Killed Duvessa
  2446 | D:7      | Killed Dowan
  2453 | D:7      | Killed a two-headed ogre
  2453 | D:7      | Reached XP level 9. HP: 26/57 MP: 12/14
  2488 | D:7      | Got a pitted kite shield
  2652 | D:7      | Noticed a gargoyle
  2725 | D:7      | Noticed a gargoyle
  2752 | D:7      | Identified the +10 hand axe of the Lettuce {drain, +Fly
                  | rPois rF+}
  2827 | D:7      | Found a staircase to the Ecumenical Temple.
  2855 | D:7      | Found For Vuyvu's Gadget Emporium.
  2864 | D:7      | Bought a wand of acid (6) for 240 gold pieces
  2869 | D:7      | Found a shimmering altar of Xom.
  2898 | D:8      | Reached **** piety under Cheibriados
  2932 | D:8      | Found Ocifan's Armour Boutique.
  2953 | D:8      | Identified the cursed +0 kite shield of Indomitability {rF+
                  | rC+ rN+ Int+3} (You found it on level 7 of the Dungeon)
  3067 | D:8      | Reached skill level 1 in Shields
  3101 | D:8      | Noticed BeastOfSaturn's ghost (novice CeBe)
  3107 | D:8      | Noticed a troll
  3110 | D:8      | Learned a level 4 spell: Petrify
  3111 | D:8      | Found a runed translucent gate.
  3111 | D:8      | Found a runed translucent gate.
  3111 | D:8      | Found a runed translucent gate.
  3130 | D:8      | Found an opulent altar of Gozag.
  3370 | D:9      | Reached skill level 5 in Dodging
  3370 | D:9      | Reached skill level 2 in Shields
  3370 | D:9      | Reached XP level 10. HP: 65/65 MP: 15/15
  3440 | D:9      | Found a staircase to the Orcish Mines.
  3537 | D:9      | Reached ***** piety under Cheibriados
  3609 | D:9      | Reached skill level 3 in Shields
  3697 | D:9      | Reached skill level 1 in Invocations
  3795 | D:9      | Reached skill level 5 in Fighting
  3873 | D:9      | Reached skill level 4 in Shields
  3892 | D:9      | Noticed a death yak
  3981 | D:9      | Killed a death yak
  3988 | D:9      | Reached skill level 5 in Shields
  4023 | D:9      | Reached skill level 10 in Unarmed Combat
  4080 | D:10     | Entered Level 10 of the Dungeon
  4082 | D:10     | Reached XP level 11. HP: 72/72 MP: 16/16
  4119 | D:10     | Noticed Psyche
  4129 | D:10     | Killed Psyche
  4144 | D:10     | Found Ebygij's Mayhem Merchandise.
  4161 | D:10     | Reached skill level 6 in Shields
  4182 | D:10     | Found Olusobuc's Food Shop.
  4236 | D:10     | Learned a level 4 spell: Summon Ice Beast
  4266 | D:10     | Reached ****** piety under Cheibriados
  4402 | D:10     | Reached skill level 1 in Ice Magic
  4513 | D:10     | Reached skill level 1 in Summonings
  4810 | D:12     | Noticed a deep elf mage
  4824 | D:12     | Noticed a skeletal warrior
  4835 | D:12     | Noticed a skeletal warrior
  4836 | D:12     | Noticed a skeletal warrior
  4872 | D:12     | Noticed a two-headed ogre
  4880 | D:12     | Killed a two-headed ogre
  4880 | D:12     | Reached skill level 7 in Shields
  4926 | D:12     | Found Otoisk's Weapon Shop.
  5128 | D:13     | Reached skill level 5 in Invocations
  5160 | D:13     | Noticed a green ugly thing
  5166 | D:13     | Killed a green ugly thing
  5166 | D:13     | Reached skill level 1 in Spellcasting
  5217 | D:13     | Noticed a cyclops
  5227 | D:13     | Reached XP level 12. HP: 74/80 MP: 7/17
  5234 | D:13     | Reached skill level 8 in Shields
  5330 | D:13     | Found a runed translucent gate.
  5330 | D:13     | Found a runed translucent gate.
  5330 | D:13     | Noticed Pivothre's ghost (journeyman DgAE)
  5331 | D:13     | Found a runed translucent gate.
  5495 | D:12     | Noticed Nergalle
  5768 | D:12     | Noticed Snorg
  5900 | D:10     | Bought a wand of iceblast (7) for 132 gold pieces
  5900 | D:10     | Bought a wand of iceblast (5) for 108 gold pieces
  5996 | D:10     | Reached skill level 9 in Shields
  6013 | D:10     | Found a staircase to the Lair.
  6038 | Lair:1   | Entered Level 1 of the Lair of Beasts
  6272 | Lair:1   | Noticed Gastronok
  6283 | Lair:1   | Killed Gastronok
  6387 | Lair:2   | Found a staircase to the Shoals.
  6469 | Lair:2   | Reached skill level 5 in Ice Magic
  6519 | Lair:2   | Learned a level 4 spell: Summon Lightning Spire
  6523 | Lair:2   | Learned a level 3 spell: Ozocubu's Armour
  6526 | Lair:2   | Learned a level 2 spell: Passwall
  6537 | Lair:2   | Learned a level 1 spell: Animate Skeleton
  6543 | Lair:2   | Identified the Collected Works on Quantum Confrontation
  6621 | Lair:2   | Found a staircase to the Snake Pit.
  6628 | Lair:2   | Reached skill level 5 in Summonings
  6647 | Lair:2   | Reached XP level 13. HP: 85/85 MP: 18/18
  6657 | Lair:2   | Reached skill level 10 in Shields
  6659 | Lair:2   | Reached skill level 1 in Air Magic
  6659 | Lair:2   | Reached skill level 1 in Earth Magic
  6717 | Lair:3   | Noticed Sonja
  6724 | Lair:3   | Killed Sonja
  6724 | Lair:3   | Reached skill level 1 in Transmutations
  7389 | Lair:5   | Reached skill level 5 in Spellcasting
  7481 | Lair:5   | You fall into a shaft and drop 1 floor!
  7481 | Lair:6   | Entered Level 6 of the Lair of Beasts
  7497 | Lair:6   | Reached skill level 11 in Shields
  7570 | Lair:6   | Reached XP level 14. HP: 87/90 MP: 10/22
  7774 | Lair:6   | Reached skill level 5 in Earth Magic
  7985 | Lair:5   | Reached skill level 5 in Transmutations
  8402 | Orc:1    | Entered Level 1 of the Orcish Mines
  8443 | Orc:2    | Entered Level 2 of the Orcish Mines
  8988 | Orc:2    | Noticed Nessos
  9056 | Orc:2    | Found a runed translucent door.
  9059 | Orc:2    | Found the +10 tower shield of Ignorance {rN+ Int-4}
  9077 | Orc:2    | Found a runed translucent door.
  9132 | Orc:2    | Found a staircase to the Elven Halls.
  9215 | Orc:2    | Learned a level 4 spell: Animate Dead
  9229 | Orc:2    | Found Wiock's Magic Scroll Emporium.
  9229 | Orc:2    | Found Gible's Armour Shop.
  9231 | Orc:2    | Found Lieluneff's Food Boutique.
  9233 | Orc:2    | Found Foaroove's Magic Scroll Shoppe.
  9237 | Orc:2    | Bought a scroll of acquirement for 780 gold pieces
  9237 | Orc:2    | Identified Duon's Grimoire of Shifting Arcane Weapons (You
                  | acquired it on level 2 of the Orcish Mines)
  9256 | Orc:2    | Bought a scroll of enchant armour for 97 gold pieces
  9256 | Orc:2    | Bought a scroll of teleportation for 39 gold pieces
  9256 | Orc:2    | Bought a scroll of identify for 26 gold pieces
  9259 | Orc:2    | Identified the Volume of the Rocks and Malediction (You
                  | acquired it on level 2 of the Orcish Mines)
  9259 | Orc:2    | Identified the ring "Caseo" {MR++ Str+4} (You acquired it
                  | on level 2 of the Orcish Mines)
  9263 | Orc:2    | Bought a scroll of remove curse for 45 gold pieces
  9263 | Orc:2    | Bought a scroll of fog for 30 gold pieces
  9263 | Orc:2    | Bought a scroll of identify for 30 gold pieces
  9263 | Orc:2    | Bought a scroll of identify for 30 gold pieces
  9263 | Orc:2    | Bought a scroll of identify for 30 gold pieces
  9406 | Elf:1    | Entered Level 1 of the Elven Halls
  9428 | Elf:1    | Reached skill level 12 in Shields
  9641 | Elf:1    | Reached skill level 1 in Necromancy
  9679 | Elf:1    | Noticed a deep elf sorcerer
  9684 | Elf:1    | Splashed by a deep elf sorcerer's acid

Levels and vault maps discovered:
D:1:      minmay_arrival_nine_rooms, layout_rooms, minivault_26
D:2:      minmay_wonky_spiral, layout_rooms, nicolae_overflow_crystal_walls
D:3:      layout_basic, lemuel_doored_altar, overflow_temple_1_default,
          nicolae_dithmenos_through_a_glass_darkly, nicolae_ru_awakened_eye,
          uniq_terence
D:4:      kb_forest_paths, layout_loops_ring, first_ration, uniq_blork_the_orc
D:5:      layout_loops_cross, chequers_temple_overflow_statue_of_worship
D:6:      layout_basic, gup_sewer_entry_glass, uniq_grinder
D:7:      layout_cave_pools, nicolae_overflow_hidden_temple,
          minmay_temple_entry_antechambers, serial_shops, nicolae_shop_stone,
          kennysheep_path_1, grunt_ogre_cave, minmay_shattered_shrine,
          uniq_duvessa
D:8:      layout_loops_ring, lemuel_round_altar, gammafunk_ghost_split,
          serial_shops, shop, kennysheep_mini_moat
D:9:      corexii_shack_village, layout_long_grid, orc_0_dummy, serial_ice,
          serial_ice_n, serial_ice_b, serial_ice_a, serial_ice_o
D:10:     layout_basic, erik_lair_dragon, serial_shops, shop,
          minmay_shop_mayhem, minmay_unpleasant_kobolds, uniq_psyche
D:11:     layout_basic, kennysheep_small_square
D:12:     layout_basic, serial_shops, shop_fountains, uniq_snorg, uniq_nergalle
D:13:     layout_roguey, gammafunk_ghost_spectres
Lair:1:   lemuel_slime, layout_regular_city, infiniplex_staircase_pool,
          uniq_gastronok
Lair:2:   layout_loops_ring, minmay_shoals_entry_beasts,
          guppyfry_snake_entry_island, lemuel_fruit_tree, serial_bayou_shore_b,
          infiniplex_staircase_pool_2
Lair:3:   layout_chaotic_city, st_stairs_11, columned_hall_lemuel,
          eino_small_chamber_without_monster, roderic_batcave, uniq_sonja
Lair:4:   layout_gridlike, minmay_lair_oklob_chamber
Lair:5:   layout_roguey
Lair:6:   minmay_lair_end_frog_pond, layout_misc_corridors, slime_altar_1,
          serial_bayou_shore_a
Orc:1:    cheibrodos_orc_guarddog, layout_caves
Orc:2:    st_orc_rangers, layout_diamond_mine,
          chequers_guarded_unrand_ignorance, uniq_jorgrun, uniq_nessos
Elf:1:    minmay_elf_arrival_plus, layout_geoelf_diagonals, serial_shops, shop,
          minmay_elf_sorcery, nrook_uturn, minmay_curled_crystal,
          kilobyte_mutagenic_chamber

Skill      XL: |  1  2  3  4  5  6  7  8  9 10 11 12 13 14 |
---------------+-------------------------------------------+-----
Unarmed Combat | 1 2 3 4 5 7 8 10 | 10.6
Stealth        | 2 3 4 6 7 8 |  8.2
Evocations     | 4 5 6 7 |  7.1
Fighting       | 2 3 4 5 6 |  6.9
Dodging        | 4 5 |  5.3
Shields        | 2 5 7 9 11 12 | 12.2
Invocations    | 3 5 7 |  7.0
Ice Magic      | 2 5 |  5.0
Summonings     | 2 5 6 7 |  7.1
Spellcasting   | 1 3 5 6 |  6.0
Air Magic      | 3 4 |  4.5
Earth Magic    | 4 5 |  5.8
Transmutations | 4 5 |  5.9
Necromancy     | 2 |  2.0
Short Blades   | |  1.0

Action                   |  1- 3 |  4- 6 |  7- 9 | 10-12 | 13-15 || total
-------------------------+-------+-------+-------+-------+-------++-------
Melee: Short sword       |    67 |     2 |       |       |       ||    69
       Constrict         |    18 |    33 |    29 |    62 |    82 ||   224
       Tentacles         |     9 |    24 |    41 |   174 |   193 ||   441
       Punch             |     1 |     3 |    15 |    70 |    76 ||   165
       Unarmed           |       |   101 |   177 |   416 |   436 ||  1130
Throw: Boomerang         |       |     1 |    13 |    12 |     3 ||    29
 Cast: Summon Ice Beast  |       |       |       |     2 |     5 ||     7
       Animate Skeleton  |       |       |       |     1 |    49 ||    50
       Summon Lightning  |       |       |       |       |    14 ||    14
       Ozocubu's Armour  |       |       |       |       |     3 ||     3
       Animate Dead      |       |       |       |       |     1 ||     1
Invok: Slouch            |       |       |       |     1 |     9 ||    10
       Temporal Distorti |       |       |       |       |     2 ||     2
Evoke: Wand              |     6 |     5 |    16 |    32 |    10 ||    69
  Use: Scroll            |       |     7 |     5 |     8 |    16 ||    36
       Potion            |       |       |     4 |     3 |     6 ||    13
 Stab: Sleeping          |     8 |     8 |     8 |    25 |    17 ||    66
       Betrayed ally     |       |       |     1 |       |       ||     1
       Invisible         |       |       |       |     5 |       ||     5
       Distracted        |       |       |       |     3 |     9 ||    12
  Eat: Chunk             |       |     1 |     5 |     6 |    10 ||    22
       Ration            |       |       |       |     1 |       ||     1
Armor: Skin              |     4 |     6 |    32 |     6 |    24 ||    72
Dodge: Dodged            |    37 |    65 |   119 |   218 |   225 ||   664
Block: Kite shield       |       |       |       |   110 |   313 ||   423

Table legend:
 A = Non-vault XP
 B = Vault XP
 C = Vault XP percentage of total XP
 D = Non-vault monster count
 E = Vault monster count
 F = Vault count percentage of total count
                 A         B        C        D         E       F
            +---------+---------+-------+---------+---------+-------
      Total |   51288 |   27529 |  34.9 |     387 |     165 |  29.9
            +---------+---------+-------+---------+---------+-------
        D:1 |      40 |       0 |   0.0 |      25 |       0 |   0.0
        D:2 |      55 |       0 |   0.0 |      20 |       0 |   0.0
        D:3 |     130 |      36 |  21.7 |      25 |       1 |   3.8
        D:4 |     167 |      16 |   8.7 |       4 |       2 |  33.3
        D:5 |     348 |       0 |   0.0 |      11 |       0 |   0.0
        D:6 |     345 |     285 |  45.2 |       6 |       5 |  45.5
        D:7 |    1484 |     694 |  31.9 |      17 |       9 |  34.6
        D:8 |     821 |       0 |   0.0 |      20 |       0 |   0.0
        D:9 |    2855 |    1789 |  38.5 |      26 |      19 |  42.2
       D:10 |    3911 |     991 |  20.2 |      30 |      11 |  26.8
       D:11 |     439 |     185 |  29.6 |       8 |       2 |  20.0
       D:12 |    5754 |       0 |   0.0 |      17 |       0 |   0.0
       D:13 |    4426 |       0 |   0.0 |      28 |       0 |   0.0
     Lair:1 |    1611 |    2213 |  57.9 |      11 |       1 |   8.3
     Lair:2 |    3140 |     980 |  23.8 |      15 |       3 |  16.7
     Lair:3 |     996 |    1588 |  61.5 |       5 |      12 |  70.6
     Lair:4 |    3332 |     382 |  10.3 |       9 |       1 |  10.0
     Lair:5 |   10422 |       0 |   0.0 |      29 |       0 |   0.0
     Lair:6 |    5607 |    9743 |  63.5 |      30 |      42 |  58.3
      Orc:1 |    2784 |     520 |  15.7 |      34 |       4 |  10.5
      Orc:2 |    1138 |    4181 |  78.6 |      14 |      40 |  74.1
      Elf:1 |    1483 |    3780 |  71.8 |       3 |       7 |  70.0
      Sewer |       0 |     146 | 100.0 |       0 |       6 | 100.0
            +---------+---------+-------+---------+---------+-------
